 Dungeon Crawl Stone Soup version 0.30.1-11-g7821555f0a (webtiles) character file.

Game seed: 3871804158900470451

2916 Sakumbe the Scratcher (level 9, -8/40 HPs)
             Began as a Felid Reaver on Dec 8, 2023.
             Was an Initiate of Gozag.
             Mangled by a wyvern (19 damage)
             ... on level 9 of the Dungeon.
             The game lasted 00:20:49 (5204 turns).

Sakumbe the Scratcher (Felid Reaver)                Turns: 5204, Time: 00:20:51

Health: -8/40      AC:  2    Str: 10    XL:     9   Next: 50%
Magic:  12/14      EV: 25    Int: 16    God:    Gozag
Gold:   577        SH:  0    Dex: 15    Spells: 10/16 levels left
                                        Lives:  0   Deaths: 2

rFire   . .          .
                       - Unarmed
rCold   . . .        (shield unavailable)
rNeg    + . .        (body armour unavailable)
rPois   .            (helmet unavailable)
rElec   .            (cloak unavailable)
rCorr   .            (gloves unavailable)
SInv    +            (boots unavailable)
Will    ++...        t - amulet of magic regeneration
Stlth   +++          g - +5 ring of evasion
HPRegen 0.26/turn    k - ring of positive energy
MPRegen 0.54/turn

%: no passive effects
@: unable to drink, quick
A: very small, claws 1, fangs 3, see invisible, speed 1, shaggy fur 2, stealthy
paws, no weapons or thrown items, no armour, multi-lived, low MP 1,
strong-willed 1, wild magic 1, inability to drink after injury 1
a: Renounce Religion, Potion Petition, Call Merchant, Bribe Branch


You were on level 9 of the Dungeon.
You worshipped Gozag.
Gozag was pleased with you.
You visited 1 branch of the dungeon, and saw 9 of its levels.

You collected 875 gold pieces.
You spent 182 gold pieces at shops.
You paid 116 gold pieces to Gozag.

Inventory:

Jewellery
 f - a ring of positive energy
 g - a +5 ring of evasion (left paw)
 k - a ring of positive energy (right paw)
 t - an amulet of magic regeneration (around neck)
Wands
 i - a wand of flame (16)
 m - a wand of digging (5)
 q - a wand of quicksilver (2)
 v - a wand of mindburst (12)
Scrolls
 c - 4 scrolls of noise
 d - 2 scrolls of enchant weapon
 e - 3 scrolls of amnesia
 j - 2 scrolls of enchant armour
 r - a scroll of magic mapping {unknown}
Potions
 a - a potion of heal wounds
 b - 3 potions of curing
 h - a potion of attraction {unknown}
 l - 3 potions of haste {unknown}
 n - 2 potions of magic {unknown}
 o - 3 potions of flight {unknown}
 p - a potion of brilliance {unknown}
 s - a potion of ambrosia
 u - a potion of degeneration {unknown}


   Skills:
 * Level 4.9 Fighting
 * Level 6.6 Dodging
 * Level 6.0 Stealth
 * Level 7.2 Unarmed Combat
 * Level 4.2 Spellcasting
 * Level 4.5 Conjurations
 * Level 3.8 Necromancy
 * Level 5.6 Translocations
 * Level 3.4 Ice Magic
 * Level 2.0 Evocations


You had 10 spell levels left.
You knew the following spells:

 Your Spells              Type           Power      Damage    Failure   Level
a - Kiss of Death         Conj/Necr      84%        2d11      5%          1
b - Momentum Strike       Conj/Tloc      50%        3d9       5%          2
c - Hailstorm             Conj/Ice       21%        3d6       14%         3

Your spell library contained the following spells:

 Spells                   Type           Power      Damage    Failure   Level
 Magic Dart               Conj           92%        1d7       4%          1
 Searing Ray              Conj           46%        2d6       7%          2
 Ozocubu's Armour         Ice            18%        N/A       17%         3
 Fulminant Prism          Conj/Hex       6%         3d7       63%         4
 Ice Form                 Ice/Tmut       11%        N/A       71%         4
 Summon Ice Beast         Ice/Summ       11%        N/A       71%         4
 Summon Forest            Summ/Tloc      8%         N/A       87%         5
 Leda's Liquefaction      Hex/Erth       2%         N/A       90%         4
 Eringya's Noxious Bog    Tmut/Pois      2%         N/A       100%        6
 Summon Hydra             Summ           2%         N/A       100%        7
 Shatter                  Erth           2%         3d6*      100%        9
 Simulacrum               Ice/Necr       Unusable   N/A       N/A         6

Dungeon Overview and Level Annotations

Branches:
Dungeon (9/15)             Temple (0/1) D:7
   Lair: D:8-11         Orc: D:9-12

Altars:
Gozag
Sif Muna
Wu Jian

Shops:
D:5 !

Annotations:
D:6 3 runed translucent doors


Innate Abilities, Weirdness & Mutations

You have sharp claws.
You have razor-sharp teeth.
You have supernaturally acute eyesight. (SInv)
You cover ground quickly. (Speed+)
You are covered in thick fur. (AC +2)
Your paws help you pounce on unaware monsters.
You are incapable of wielding weapons or throwing items.
You cannot wear armour.
You gain extra lives every three experience levels.
Your magical capacity is low. (-10% MP)
You are strong-willed. (Will+)
Your spells are a little harder to cast, but a little more powerful.
You occasionally lose the ability to drink potions when taking damage.


Message History

HP restored.
Found 10 gold pieces.
Found a stone staircase leading up.
You now have 552 gold pieces (gained 22).
Things that are here:
a +0 giant club; a +0 dire flail
v - a wand of mindburst (12)
You see here a +9 giant club.
Found a runed hand axe.
You see here a +9 giant club.
You now have 567 gold pieces (gained 15).
You now have 577 gold pieces (gained 10).
There is an escape hatch in the floor here.
You slide downwards.
The hatch slams shut behind you.
Found a leather armour.
A wyvern comes into view.
A gnoll comes into view.
Found a short glowing staff.
You see here a +0 leather armour. 2 killer bees come into view.
The killer bee buzzes angrily.
You hear a bark!
The wyvern hisses angrily.
A killer bee comes into view.
The wyvern bites you.
You hear a shout!
You hear a shout! x2; You hear an angry buzzing noise. x3
You see here a +0 leather armour.
You hear a bark!
The wyvern attacks as you move away! The wyvern closely misses you.
The wyvern attacks as you move away! The wyvern bites you.
The wyvern bites you! The wyvern bites you.
* * * LOW HITPOINT WARNING * * *
Casting: Kiss of Death (safe; 5% risk of failure)
Confirm with . or Enter, or press ? or * to list all spells.
Aiming: Momentum Strike (safe; 5% risk of failure)
Press: ? - help, Dir - move target, f - wyvern
Aim: a wyvern (74% to hit)
The concentrated momentum misses the wyvern.
The wyvern bites you!!
You feel threatened and lose the ability to drink potions!
You die...
Your body crumbles into a pile of gold.

# .. ... ...# ####... ....#
##########....# ....#.
#####..........# ####......
...............# #.........
############...###.#.......
##...@l..#|.....
######..#...... ##........
#[8...... #........ $
...............
...............
≈yy≈≈≈#........
y..g..#.8......


You could see a wyvern.

Vanquished Creatures
  A two-headed ogre (D:8)
  Pikel (D:5)
  Joseph (D:7)
  Grinder (D:3)
  An acid dragon (D:8)
  2 water moccasins
  2 ice beasts (D:5)
  2 sky beasts
  A centaur (D:5)
  4 ogres
  A phantom (D:4)
  4 scorpions
  Blork the orc (D:5)
  3 wights (D:6)
  A sleepcap (D:5)
  3 iguanas
  An orc wizard (D:5)
  4 adders (D:5)
  A shadow imp (D:6)
  An ufetubus (D:5)
  2 worms
  A dart slug (D:1)
  10 orcs
  5 ball pythons
  5 bats
  6 endoplasms
  2 giant cockroaches (D:1)
  6 goblins
  8 hobgoblins
  4 jackals (D:3)
  8 quokkas
  7 frilled lizards
  2 kobolds
  7 rats
109 creatures vanquished.

Notes
Turn   | Place    | Note
-------+----------+-------------------------------------------
     0 | D:1      | Sakumbe the Felid Reaver began the quest for the Orb.
     0 | D:1      | Reached XP level 1. HP: 9/9 MP: 4/4
   110 | D:1      | Reached XP level 2. HP: 13/13 MP: 6/6
   117 | D:1      | Learned a level 2 spell: Momentum Strike
   317 | D:2      | Found an ornate altar of the Wu Jian Council.
   595 | D:2      | Reached skill level 1 in Stealth
  1063 | D:3      | Reached XP level 3. HP: 16/16 MP: 7/7
  1067 | D:3      | Learned a level 3 spell: Hailstorm
  1145 | D:3      | Reached skill level 1 in Translocations
  1491 | D:3      | Noticed Grinder
  1514 | D:3      | Killed Grinder
  1515 | D:3      | Reached skill level 4 in Unarmed Combat
  1515 | D:3      | Reached skill level 1 in Necromancy
  1515 | D:3      | Reached skill level 1 in Ice Magic
  1515 | D:3      | Reached XP level 4. HP: 17/20 MP: 2/8
  1515 | D:3      | Reached XP level 5. HP: 19/23 MP: 2/9
  1598 | D:5      | Entered Level 5 of the Dungeon
  1687 | D:4      | Gained mutation: You are covered in thick fur. (AC +2)
                  | [Felid growth]
  1687 | D:4      | Reached XP level 6. HP: 27/27 MP: 7/10
  1720 | D:5      | Noticed Blork the orc
  1801 | D:5      | Noticed an ice beast
  1872 | D:5      | Reached skill level 5 in Unarmed Combat
  1872 | D:5      | Reached XP level 7. HP: 11/28 MP: 8/12
  1900 | D:5      | HP: 1/28 [water moccasin (7)]
  1909 | D:5      | HP: 1/28 [poisoned by a water moccasin]
  1910 | D:5      | Succumbed to a water moccasin's poison
  1911 | D:5      | Reached XP level 6. HP: 0/25 MP: 11/11
  1929 | D:5      | Killed a water moccasin
  1990 | D:5      | Killed an ice beast
  2043 | D:5      | Found a shimmering blue altar of Sif Muna.
  2043 | D:5      | Found an opulent altar of Gozag.
  2064 | D:5      | Engulfed by Blork the orc's steam
  2065 | D:5      | Reached XP level 5. HP: 0/24 MP: 9/10
  2084 | D:5      | Reached XP level 6. HP: 26/28 MP: 6/11
  2156 | D:5      | Killed Blork the orc
  2260 | D:5      | Became a worshipper of Gozag Ym Sagoz the Greedy
  2276 | D:5      | Noticed an ice beast
  2284 | D:5      | Killed an ice beast
  2303 | D:5      | Noticed Pikel
  2316 | D:5      | Killed Pikel
  2317 | D:5      | Reached XP level 7. HP: 10/31 MP: 7/13
  2368 | D:5      | Reached skill level 5 in Dodging
  2368 | D:5      | Reached skill level 6 in Unarmed Combat
  2371 | D:5      | Reached XP level 8. HP: 17/33 MP: 8/14
  2528 | D:5      | Found Kos Jio's Distillery.
  2542 | D:5      | Bought a potion of mutation for 112 gold pieces
  2542 | D:5      | Bought a potion of heal wounds for 70 gold pieces
  2542 | D:5      | Gained mutation: Your body sometimes deteriorates upon
                  | taking damage. [potion of mutation]
  2542 | D:5      | Gained mutation: Your mind is acute. (Int +4, Str/Dex -1)
                  | [potion of mutation]
  2542 | D:5      | Gained mutation: You occasionally lose the ability to drink
                  | potions when taking damage. [potion of mutation]
  2542 | D:5      | Gained mutation: You are partially covered in iridescent
                  | scales. (AC +2) [potion of mutation]
  2543 | D:5      | Lost mutation: Your mind is acute. (Int +4, Str/Dex -1)
                  | [potion of mutation]
  2543 | D:5      | Lost mutation: You are partially covered in iridescent
                  | scales. (AC +2) [potion of mutation]
  2543 | D:5      | Lost mutation: Your body sometimes deteriorates upon taking
                  | damage. [potion of mutation]
  2543 | D:5      | Gained mutation: You are strong-willed. (Will+) [potion of
                  | mutation]
  2543 | D:5      | Gained mutation: Your magical capacity is low. (-10% MP)
                  | [potion of mutation]
  2543 | D:5      | Gained mutation: Your spells are a little harder to cast,
                  | but a little more powerful. [potion of mutation]
  3909 | D:3      | Got the Enchiridion on the White Caves
  4561 | D:6      | Reached skill level 5 in Stealth
  4720 | D:6      | Found a runed translucent gate.
  4721 | D:6      | Found a runed translucent gate.
  4723 | D:6      | Found a runed translucent gate.
  4749 | D:6      | Reached skill level 5 in Translocations
  4820 | D:7      | Found a staircase to the Ecumenical Temple.
  4862 | D:7      | Noticed Joseph
  4882 | D:7      | Killed Joseph
  4883 | D:7      | Reached skill level 1 in Evocations
  4883 | D:7      | Reached XP level 9. HP: 25/38 MP: 8/14
  4995 | D:8      | Noticed a two-headed ogre
  5006 | D:8      | Killed a two-headed ogre
  5007 | D:8      | Reached skill level 7 in Unarmed Combat
  5204 | D:9      | Mangled by a wyvern

Illustrated notes

Levels and vault maps discovered:
D:1:      wander_arrival_lonely_grave, layout_rooms
D:2:      layout_loops_ring, basic_altar, kennysheep_generic_room_2
D:3:      layout_basic, minmay_divided_ellipse, uniq_grinder
D:4:      layout_basic, dreamdust_princess_bridge
D:5:      layout_cave_pools, jmf_multi_god_temple, serial_shops, shop,
          kennysheep_generic_room_6, uniq_pikel, uniq_blork_the_orc
D:6:      layout_rooms, gammafunk_temple_overflow_claw,
          ebering_ghost_rock_garden, uniq_crazy_yiuf_cottage
D:7:      layout_basic, minmay_temple_entry_drinking_statues, nrook_mini_vaults,
          nicolae_shop_distant_corner_stores, minmay_diced_spiral, uniq_joseph
D:8:      layout_gridville, eino_curves_01, uniq_erica
D:9:      hangedman_cross_cluster, layout_cave_pools, dpeg_lair_monsters,
          serial_gnoll_camp, gnoll_camp_medium_01, gnoll_camp_mini_loothouse,
          gnoll_camp_mini_house, gnoll_camp_mini_shop, grunt_decor_resistance,
          uniq_psyche, uniq_prince_ribbit1

Skill      XL: |  1  2  3  4  5  6  7  8  9 |
---------------+----------------------------+-----
Stealth        | 1 2 4 5 6 |  6.0
Translocations | 2 4 5 |  5.6
Dodging        | 3 4 5 6 |  6.6
Unarmed Combat | 4 5 6 7 |  7.2
Conjurations   | 3 4 |  4.5
Necromancy     | 1 2 3 |  3.8
Ice Magic      | 1 2 3 |  3.4
Fighting       | 3 4 |  4.9
Spellcasting   | 3 4 |  4.2
Evocations     | 1 2 |  2.0

Action                     |  1- 3 |  4- 6 |  7- 9 || total
---------------------------+-------+-------+-------++-------
  Melee: Unarmed           |    85 |    44 |   125 ||   254
         Bite              |     9 |     4 |    14 ||    27
         Punch             |     2 |     3 |     2 ||     7
   Cast: Momentum Strike   |     5 |    17 |    22 ||    44
         Kiss of Death     |     2 |     5 |     5 ||    12
         Hailstorm         |       |     1 |       ||     1
  Evoke: Wand              |       |     1 |    12 ||    13
    Use: Scroll            |     3 |     3 |       ||     6
         Potion            |     1 |     3 |     5 ||     9
   Stab: Sleeping          |     4 |     1 |     5 ||    10
         Distracted        |       |       |     3 ||     3
 Armour: Skin              |     2 |       |     3 ||     5
  Dodge: Dodged            |    54 |    75 |   151 ||   280
